 Dungeon Crawl Stone Soup version 0.30-a0-622-gddc90eaa04 (webtiles) character file.

Game seed: 191512314301682048

9559 drugrobin the Black Belt (level 11, -7/81 HPs)
             Began as a Demigod Delver on Jan 10, 2023.
             Mangled by a white ugly thing (16 damage)
             ... on level 10 of the Dungeon.
             The game lasted 00:40:16 (13993 turns).

drugrobin the Black Belt (Demigod Delver)          Turns: 13993, Time: 00:40:17

Health: -7/81      AC:  9    Str: 23    XL:     11   Next: 4%
Magic:  14/14      EV: 16    Int: 12    God:
Gold:   506        SH:  0    Dex: 29    Spells: 6/10 levels left

rFire   . . .      SeeInvis .      - Unarmed
rCold   . . .      Faith    .    (no shield)
rNeg    . . .      Spirit   .    a - +0 steam dragon scales
rPois   .          Reflect  .    r - +0 helmet
rElec   .          Harm     .    q - +0 cloak
rCorr   .          Rampage  .    y - +0 pair of gloves
Will    +....                    N - +0 pair of boots
Stlth   ++++                     (no amulet)
HPRegen 0.33/turn                Q - +6 ring of strength
MPRegen 0.14/turn                h - +6 ring of dexterity

@: no status effects
A: high MP 1, forlorn, divine attributes
a: no special abilities


You were on level 10 of the Dungeon.
You visited 2 branches of the dungeon, and saw 11 of its levels.
You also visited: Ossuary and Bailey.

You collected 748 gold pieces.
You spent 242 gold pieces at shops.

Inventory:

Hand Weapons
 b - a +1 short sword of venom
 c - a +1 short sword of electrocution
Missiles
 k - 46 stones
 O - 8 boomerangs (quivered)
 P - a curare-tipped dart
 S - 8 poisoned darts
Armour
 a - +0 steam dragon scales (worn)
 q - a +0 cloak (worn)
 r - a +0 helmet (worn)
 w - the +0 robe "Ofil" {Fly rN+ Dex+4}
   (You found it on level 2 of the Dungeon)

   Dex:       It affects your dexterity (+4).
   rN:        It protects you from negative energy.
   Fly:       It grants you flight.
 y - a +0 pair of gloves (worn)
 N - a +0 pair of boots (worn)
 U - a +1 robe of resistance
Jewellery
 h - a +6 ring of dexterity (right hand)
 o - a ring of magical power
 t - a ring of positive energy
 Q - a +6 ring of strength (left hand)
 V - a ring of magical power
Wands
 f - a wand of digging (1)
 g - a wand of light (3)
 I - a wand of mindburst (1)
 W - a wand of roots (9)
 X - a wand of paralysis (5)
Scrolls
 i - 5 scrolls of blinking
 l - 5 scrolls of vulnerability
 m - 4 scrolls of teleportation
 n - 3 scrolls of fear
 s - 5 scrolls of immolation
 u - a scroll of enchant weapon
 v - 2 scrolls of fog
 x - a scroll of amnesia
 D - a scroll of enchant armour
 J - a scroll of silence {unknown}
 L - a scroll of poison
 T - a scroll of magic mapping
Potions
 d - 2 potions of attraction
 e - 3 potions of haste
 j - a potion of might {unknown}
 p - a potion of berserk rage {unknown}
 z - 4 potions of brilliance
 A - 4 potions of magic
 B - 2 potions of lignification {unknown}
 C - 2 potions of flight {unknown}
 E - 3 potions of mutation {unknown}
 F - 2 potions of ambrosia {unknown}
 G - a potion of invisibility {unknown}
 H - 12 potions of curing
 K - 6 potions of heal wounds
 M - a potion of resistance {unknown}
 R - a potion of degeneration {unknown}


   Skills:
 - Level 2.6 Fighting
 - Level 4.0 Dodging
 - Level 4.5 Stealth
 + Level 15.1 Unarmed Combat
 - Level 4.0 Evocations


You had 6 spell levels left.
You knew the following spells:

 Your Spells              Type           Power      Damage    Failure   Level
a - Cigotuvi's Dreadful   Necr/Pois/Air  0%         N/A       45%         2
b - Blink                 Tloc           0%         N/A       45%         2

Your spell library contained the following spells:

 Spells                   Type           Power      Damage    Failure   Level
 Momentum Strike          Conj/Tloc      0%         3d8       45%         2
 Ignite Poison            Fire/Tmut/Pois 0%         N/A       69%         3
 Kindle Blastsparks       Fire/Tloc/Air  0%         2d10      69%         3
 Lesser Beckoning         Tloc           0%         N/A       69%         3
 Dispel Undead            Necr           0%         3d6       97%         4
 Freezing Cloud           Conj/Ice/Air   0%         6-21      100%        5
 Death Channel            Necr           0%         N/A       100%        6


Dungeon Overview and Level Annotations

Branches:
Dungeon (10/15)            Temple (1/1) D:5             Orc (0/2) D:9
Ossuary (visited)          Bailey (visited)
   Lair: D:8-11

Shops:
D:5 =


Innate Abilities, Weirdness & Mutations

You have an increased reservoir of magic. (+10% MP)
You shall have no god before yourself.
Your divine heritage dramatically boosts your attributes as you level up.


Message History

Aiming: Mindburst
Press: ? - help, Shift-Dir - straight line, f/p - white ugly thing
Aim: a white ugly thing (lightly wounded, chance to affect: 64%)
The white ugly thing's mind is blasted!
The white ugly thing bites you. The white ugly thing freezes you!!
An orc priest comes into view. It is wielding a +0 short sword.
Unknown command.
The white ugly thing completely misses you.
Aiming: Mindburst
Press: ? - help, Shift-Dir - straight line, f/p - white ugly thing
Aim: a white ugly thing (moderately wounded, chance to affect: 64%)
The white ugly thing's mind is blasted!!
You hear a shout!
The white ugly thing barely misses you.
Unknown command.
Unknown command.
You hit the white ugly thing.
The white ugly thing is poisoned.
The white ugly thing is severely wounded.
The white ugly thing misses you.
An orc comes into view.
It is wielding a +2 short sword of electrocution.
Unknown command.
You hit the white ugly thing but do no damage.
You punch the white ugly thing!
The white ugly thing is almost dead.
The white ugly thing closely misses you.
Unknown command.
Unknown command.
You hit the white ugly thing but do no damage.
The white ugly thing looks as sick as possible!
The white ugly thing is almost dead.
The white ugly thing bites you! The white ugly thing freezes you!!
* * * LOW HITPOINT WARNING * * *
Unknown command.
Unknown command.
Your +1 short sword of venom stops dripping with poison.
You are now empty-handed.
The white ugly thing bites you!
* * * LOW HITPOINT WARNING * * *
The white ugly thing freezes you!
You die...

#############
#...........#
#####...........#
#...o...........#
....###u..........#
o #.@.........#
##########'##
##......#
##..###### #..##
##'#########
#..........#
#..........# ###
#..........+ #..


You could see a white ugly thing (extremely poisoned) and an orc.

Vanquished Creatures
  A two-headed ogre (D:8)
  The ghost of sokol815 the Covert, a novice OpFi (D:6)
  The ghost of CraigOfTheCreek the Cutter, a novice DrWn of Vehumet (D:5)
  Maggie (D:9)
  Prince Ribbit (Bailey)
  A shadow (D:8)
  2 wraiths
  A vampire (D:8)
  6 yaks (D:9)
  2 wyverns
  2 humans (Bailey)
  4 steam dragons
  A water moccasin (D:8)
  4 orc warriors
  2 sky beasts
  2 ice beasts
  2 ogres (D:7)
  4 centaurs
  4 phantoms
  10 bullfrogs
  2 elf zombies (D:7)
  2 kobold brigands
  2 necrophages (D:7)
  2 water moccasin zombies (Ossuary)
  4 scorpions
  8 wights
  11 killer bees
  A howler monkey (D:4)
  2 human zombies (D:7)
  2 gnoll boudas
  A hound (D:6)
  2 jellies
  3 orc priests
  A human skeleton (D:7)
  2 iguanas (D:5)
  14 orc wizards
  2 mummies (Ossuary)
  12 gnolls
  11 adders
  2 shadow imps
  2 white imps (D:6)
  3 adder zombies (Ossuary)
  A worm (D:4)
  2 dart slugs
  43 orcs
  7 bats
  7 endoplasms
  2 giant cockroaches
  16 goblins
  7 hobgoblins
  3 jackals (D:2)
  15 kobolds
  2 quokkas
  5 ball pythons
  5 frilled lizards
  6 gnoll zombies (Ossuary)
  3 hobgoblin zombies (Ossuary)
  2 kobold zombies (Ossuary)
  An orc skeleton (D:7)
  7 orc zombies (Ossuary)
  4 rats
281 creatures vanquished.

Vanquished Creatures (others)
  6 fungi (D:6)
6 creatures vanquished.

Grand Total: 287 creatures vanquished

Notes
Turn   | Place    | Note
-------+----------+-------------------------------------------
     0 | D:5      | drugrobin the Demigod Delver began the quest for the Orb.
     0 | D:5      | Reached XP level 1. HP: 18/18 MP: 3/3
    13 | D:5      | Noticed an iguana
   106 | D:5      | Found a staircase to the Ecumenical Temple.
   147 | D:5      | Noticed a phantom
   150 | D:4      | Noticed a scorpion
   191 | D:4      | Noticed a jelly
   331 | D:3      | Reached skill level 2 in Unarmed Combat
   571 | D:3      | Noticed a phantom
   623 | D:3      | Reached XP level 2. HP: 13/25 MP: 4/4
   953 | D:2      | Reached skill level 3 in Unarmed Combat
  1182 | D:1      | Reached XP level 3. HP: 28/30 MP: 5/5
  1831 | D:2      | Identified the +0 robe "Ofil" {Fly rN+ Dex+4}
  2197 | D:2      | Reached skill level 4 in Unarmed Combat
  2288 | D:2      | Reached XP level 4. HP: 37/37 MP: 6/6
  2565 | D:3      | Killed a phantom
  2566 | D:3      | Reached skill level 5 in Unarmed Combat
  2566 | D:3      | Reached XP level 5. HP: 41/42 MP: 7/7
  3424 | D:4      | Reached skill level 6 in Unarmed Combat
  3508 | D:4      | Reached XP level 6. HP: 50/50 MP: 8/8
  4091 | D:5      | Reached skill level 7 in Unarmed Combat
  4106 | D:5      | Found a runed translucent door.
  4153 | Temple   | Entered the Ecumenical Temple
  4929 | D:5      | Found Qikleewk's One-of-a-Kind Rings.
  5019 | D:5      | Reached XP level 7. HP: 51/56 MP: 9/9
  5182 | D:5      | Noticed CraigOfTheCreek's ghost (novice DrWn)
  6084 | D:6      | Reached skill level 8 in Unarmed Combat
  6201 | D:6      | Reached skill level 1 in Evocations
  6239 | D:6      | Found Imeihupp's Magic Scroll Shop.
  6258 | D:6      | Bought a scroll of identify for 22 gold pieces
  6258 | D:6      | Bought a scroll of identify for 22 gold pieces
  6258 | D:6      | Bought a scroll of poison for 44 gold pieces
  6258 | D:6      | Bought a scroll of vulnerability for 44 gold pieces
  6327 | D:6      | Found a runed translucent gate.
  6327 | D:6      | Found a runed translucent gate.
  6327 | D:6      | Found a runed translucent gate.
  6366 | D:6      | Noticed a steam dragon
  6368 | D:6      | Killed a steam dragon
  6368 | D:6      | Noticed a steam dragon
  6380 | D:6      | Killed a steam dragon
  6381 | D:6      | Reached XP level 8. HP: 33/62 MP: 10/10
  6540 | D:6      | Noticed sokol815's ghost (novice OpFi)
  6825 | D:6      | Bought a scroll of teleportation for 33 gold pieces
  6825 | D:6      | Bought a scroll of fear for 44 gold pieces
  6825 | D:6      | Bought a scroll of teleportation for 33 gold pieces
  6929 | D:7      | Found a sand-covered staircase.
  6944 | D:7      | Reached skill level 9 in Unarmed Combat
  6947 | Ossuary  | Entered an ossuary
  7246 | D:7      | Found a flagged portal.
  7305 | Bailey   | Entered a bailey
  7415 | Bailey   | Reached skill level 10 in Unarmed Combat
  7684 | Bailey   | Reached XP level 9. HP: 51/68 MP: 11/11
  7706 | Bailey   | Noticed a vault guard
  7882 | Bailey   | Noticed Prince Ribbit
  7916 | Bailey   | Killed Prince Ribbit
  7917 | Bailey   | Reached skill level 11 in Unarmed Combat
  8286 | D:6      | Learned a level 2 spell: Cigotuvi's Dreadful Rot
  8946 | D:7      | Reached skill level 12 in Unarmed Combat
  9933 | D:8      | Learned a level 2 spell: Blink
 10043 | D:8      | Noticed a two-headed ogre
 10188 | D:8      | Reached XP level 10. HP: 44/68 MP: 11/13
 10626 | D:8      | Killed a two-headed ogre
 10627 | D:8      | Reached skill level 13 in Unarmed Combat
 11192 | D:9      | Noticed Maggie
 11378 | D:9      | Killed Maggie
 11702 | D:9      | Reached skill level 14 in Unarmed Combat
 12552 | D:9      | Found a staircase to the Orcish Mines.
 12983 | D:5      | Killed CraigOfTheCreek's ghost
 13128 | D:6      | Killed sokol815's ghost
 13407 | D:8      | Reached skill level 15 in Unarmed Combat
 13410 | D:8      | Reached XP level 11. HP: 52/81 MP: 14/14
 13588 | D:10     | Entered Level 10 of the Dungeon
 13993 | D:10     | Mangled by a white ugly thing

Illustrated notes

Levels and vault maps discovered:
D:1:      minmay_arrival_stair_chambers, layout_basic, basic_ecumenical_altar
D:2:      layout_basic, basic_altar, nicolae_titane
D:3:      layout_basic, mainiacjoe_overflow_catwalk_spiral, st_stairs_13
D:4:      layout_rooms, grunt_ministairs_14
D:5:      layout_layer_cave, okawaru_metal_pillars_3, minmay_temple_entry_wispy,
          ebering_ghost_sewer_d, nicolae_shop_unique_rings
D:6:      kennysheep_steamy, layout_basic, ebering_ghost_gozag, serial_shops,
          shop
D:7:      minmay_evil_eye, layout_basic, amethyst_overflow_temple_binary,
          nicolae_ossuary_entry_catacombs, enter_bailey_5,
          kennysheep_big_empty_room, hex_large, ebering_dispersal_statue_hall,
          minmay_microvault
D:8:      layout_basic
D:9:      layout_loops_ring, nicolae_overflow_crystal_walls, orc_0_dummy,
          uniq_maggie
D:10:     layout_roguey, lair_entry_dummy, enter_trove_6
Temple:   nicolae_temple_slightly_damp_pantheon

Skill      XL: |  1  2  3  4  5  6  7  8  9 10 |
---------------+-------------------------------+-----
Unarmed Combat | 2 3 4 5 6 7 8 10 12 15 | 15.1
Evocations     | 2 4 |  4.0
Dodging        | 4 |  4.0
Fighting       | |  2.6
Stealth        | |  4.5

Action                   |  1- 3 |  4- 6 |  7- 9 | 10-12 || total
-------------------------+-------+-------+-------+-------++-------
Melee: Unarmed           |   191 |    65 |   354 |   219 ||   829
       Short sword       |       |   101 |    79 |     4 ||   184
       Punch             |       |     4 |    38 |    17 ||    59
Throw: Stone             |    22 |    18 |    17 |       ||    57
       Dart              |       |     5 |    27 |     2 ||    34
       Boomerang         |       |       |    33 |    52 ||    85
 Cast: Cigotuvi's Dreadf |       |       |     2 |       ||     2
       Blink             |       |       |     1 |       ||     1
Evoke: Wand              |       |       |    20 |    11 ||    31
  Use: Scroll            |     3 |       |    13 |     3 ||    19
 Stab: Sleeping          |    13 |     1 |     8 |       ||    22
       Distracted        |     1 |       |     2 |     1 ||     4
Armor: Leather armour    |    33 |       |       |       ||    33
       Ring mail         |    22 |    72 |    70 |       ||   164
       Robe              |       |       |    43 |     7 ||    50
       Steam dragon scal |       |       |       |    30 ||    30
Dodge: Dodged            |   100 |    87 |   233 |   116 ||   536

Table legend: (Time is in decaauts)
 A = Elapsed time spent in this place.
 B = Non-inter-level travel time spent in this place.
 C = Inter-level travel time spent in this place.
 D = Time resting spent in this place.
 E = Time spent auto-exploring this place.
 F = Levels seen in this place.
 G = Mean time per level.
                   A        B        C        D        E       F      G
               +--------+--------+--------+--------+--------+-----+--------+
         Total |  13907 |  12952 |    955 |   1774 |   7144 |  13 | 1069.8 |
       Dungeon |  12596 |  11658 |    938 |   1280 |   6924 |  10 | 1259.6 |
        Temple |    317 |    300 |     17 |    107 |    146 |   1 |  317.0 |
       Ossuary |    236 |    236 |      0 |      0 |     54 |   1 |  236.0 |
        Bailey |    757 |    757 |      0 |    387 |     20 |   1 |  757.0 |
               +--------+--------+--------+--------+--------+-----+--------+

Top non-repeatable levels by time:
     D:8: 2121 daAuts
     D:5: 1876 daAuts
     D:9: 1457 daAuts
     D:7: 1453 daAuts
     D:6: 1325 daAuts
     D:3: 1300 daAuts
     D:2: 1020 daAuts
     D:4: 925 daAuts
  Bailey: 757 daAuts
     D:1: 718 daAuts
    D:10: 398 daAuts
  Temple: 317 daAuts
 Ossuary: 236 daAuts
